| TOP OF THE 1ST |
|
Scranton WB RailRiders batting - Pitching for Charlotte Knights : RHP Jose Barragan
|
|
Pitching: RHP Jose Barragan
|
|
|
Batting: SHB Jay Gagnon
|
0-0: Called Strike 0-1: Ball 1-1: Ground out 6-3 (Groundball, 6, EV 103.1 MPH)
|
|
Batting: RHB Andy Wasierski
|
0-0: Ball 1-0: Called Strike 1-1: Swinging Strike 1-2: Strikes out looking
|
|
Batting: RHB Devon Utley
|
0-0: Ball 1-0: Called Strike 1-1: Ball 2-1: Called Strike 2-2: Foul Ball, location: 2F 2-2: Ball 3-2: Ground out 6-3 (Groundball, 6M, EV 95.0 MPH)
|
| Top of the 1st over - 0 runs, 0 hits, 0 errors, 0 left on base; Scranton WB 0 - Charlotte 0 |
| BOTTOM OF THE 1ST |
|
Charlotte Knights batting - Pitching for Scranton WB RailRiders : LHP Omar Quinones
|
|
Pitching: LHP Omar Quinones
|
|
|
Batting: RHB Jeremy Hoffert
|
0-0: Ball 1-0: Ball 2-0: Foul Ball, location: 2F 2-1: Foul Ball, location: 2F 2-2: Ball 3-2: Fly out, F8 (Line Drive, 8LS, EV 88.8 MPH)
|
|
Batting: RHB Mike Warzecha
|
0-0: Called Strike 0-1: Swinging Strike 0-2: Ball 1-2: Ball 2-2: SINGLE (Groundball, 34D, EV 102.5 MPH)
|
|
Batting: LHB Justin Stickney
|
0-0: Ball 1-0: DOUBLE (Line Drive, 3D, EV 108.1 MPH) Mike Warzecha to third Runner from 3rd tries for Home, SAFE, no throw by RF
|
|
Batting: RHB Josiah Wright
|
0-0: Called Strike 0-1: Ball 1-1: Ball 2-1: Ball 3-1: Base on Balls
|
|
Batting: RHB Micah Brown
|
0-0: Ball 1-0: Reached on error, E6 (Groundball, 6, EV 96.9 MPH) Justin Stickney to third Josiah Wright to second
|
|
Batting: RHB Kikuo Sato
|
0-0: Called Strike 0-1: SINGLE (Groundball, 4MD, EV 106.2 MPH) Justin Stickney scores Josiah Wright to third Micah Brown to second
|
|
Batting: LHB Adam Tarbutton
|
0-0: Fielders Choice at 2nd, 3-6 (Groundball, 34, EV 108.8 MPH) Josiah Wright scores Micah Brown to third
|
|
Batting: RHB Steve Waltenbery
|
0-0: Ball 1-0: Called Strike 1-1: Swinging Strike 1-2: Ball 2-2: Strikes out looking
|
| Bottom of the 1st over - 3 runs, 3 hits, 1 error, 2 left on base; Scranton WB 0 - Charlotte 3 |
| TOP OF THE 2ND |
|
Scranton WB RailRiders batting - Pitching for Charlotte Knights : RHP Jose Barragan
|
|
Batting: LHB Aaron Joyner
|
0-0: Ball 1-0: Foul Ball, location: 2F 1-1: Called Strike 1-2: Strikes out swinging
|
|
Batting: SHB Ryan Buchbinder
|
0-0: Called Strike 0-1: SOLO HOME RUN (Flyball, 9LD, EV 96.2 MPH), Distance : 355 ft
|
|
Batting: SHB Jose Vargas
|
0-0: Foul Ball, location: 2F 0-1: Ball 1-1: Called Strike 1-2: Ball 2-2: Foul Ball, location: 2F 2-2: Ball 3-2: Ground out 6-3 (Groundball, 6, EV 81.9 MPH)
|
|
Batting: RHB Alfredo Rodriguez
|
0-0: Fly out, F7 (Flyball, 78S, EV 80.6 MPH)
|
| Top of the 2nd over - 1 run, 1 hit, 0 errors, 0 left on base; Scranton WB 1 - Charlotte 3 |
| BOTTOM OF THE 2ND |
|
Charlotte Knights batting - Pitching for Scranton WB RailRiders : LHP Omar Quinones
|
|
Batting: RHB Dunlang Clark
|
0-0: Ball 1-0: Ball 2-0: Ball 3-0: Called Strike 3-1: Foul Ball, location: 2F 3-2: Ground out 6-3 (Groundball, 6, EV 108.1 MPH)
|
|
Batting: RHB Jeremy Hoffert
|
0-0: Called Strike 0-1: Swinging Strike 0-2: Ball 1-2: Strikes out swinging
|
|
Batting: RHB Mike Warzecha
|
0-0: Ball 1-0: Foul Ball, location: 2F 1-1: Swinging Strike 1-2: DOUBLE (Line Drive, 89M, EV 99.4 MPH)
|
|
Batting: LHB Justin Stickney
|
0-0: Ground out 1-3 (Groundball, 13S, EV 64.4 MPH)
|
| Bottom of the 2nd over - 0 runs, 1 hit, 0 errors, 1 left on base; Scranton WB 1 - Charlotte 3 |
| TOP OF THE 3RD |
|
Scranton WB RailRiders batting - Pitching for Charlotte Knights : RHP Jose Barragan
|
|
Batting: SHB Joe Fure
|
0-0: Ground out 4-3 (Groundball, 4, EV 84.4 MPH)
|
|
Batting: RHB Josh Zoglmann
|
0-0: Foul Ball, location: 2F 0-1: Called Strike 0-2: Ball 1-2: SINGLE (Line Drive, 89S, EV 102.5 MPH)
|
|
Batting: SHB Jay Gagnon
|
0-0: Called Strike 0-1: Fly out, F8 (Flyball, 8LD, EV 108.1 MPH)
|
|
Batting: RHB Andy Wasierski
|
0-0: Ball 1-0: Called Strike 1-1: Ball 2-1: Called Strike 2-2: Fly out, F8 (Flyball, 8RS, EV 88.1 MPH)
|
| Top of the 3rd over - 0 runs, 1 hit, 0 errors, 1 left on base; Scranton WB 1 - Charlotte 3 |
| BOTTOM OF THE 3RD |
|
Charlotte Knights batting - Pitching for Scranton WB RailRiders : LHP Omar Quinones
|
|
Batting: RHB Josiah Wright
|
0-0: Ball 1-0: Called Strike 1-1: Ball 2-1: Ball 3-1: Base on Balls
|
|
Batting: RHB Micah Brown
|
0-0: Ball 1-0: Swinging Strike 1-1: Ball 2-1: Swinging Strike 2-2: Ball 3-2: Base on Balls Josiah Wright to second
|
|
Batting: RHB Kikuo Sato
|
0-0: Ball 1-0: Ball 2-0: Called Strike 2-1: Ball 3-1: Swinging Strike 3-2: Fly out, F7 (Flyball, 7, EV 75.6 MPH)
|
|
Batting: LHB Adam Tarbutton
|
0-0: Ball 1-0: Ball 2-0: Grounds into double play, 4-6-3 (Groundball, 4, EV 106.9 MPH)
|
| Bottom of the 3rd over - 0 runs, 0 hits, 0 errors, 1 left on base; Scranton WB 1 - Charlotte 3 |
| TOP OF THE 4TH |
|
Scranton WB RailRiders batting - Pitching for Charlotte Knights : RHP Jose Barragan
|
|
Batting: RHB Devon Utley
|
0-0: Ball 1-0: Called Strike 1-1: SINGLE (Flyball, 6MD, EV 97.5 MPH)
|
|
Batting: LHB Aaron Joyner
|
0-0: Ball 1-0: Ball Devon Utley steals 2nd base (no throw) 2-0: Ball 3-0: Called Strike 3-1: Base on Balls
|
|
Batting: SHB Ryan Buchbinder
|
0-0: Ball 1-0: Fly out, F8 (Line Drive, 8LM, EV 86.2 MPH)
|
|
Batting: SHB Jose Vargas
|
0-0: Called Strike Devon Utley steals 3rd base Aaron Joyner to second 0-1: Called Strike 0-2: Hit by Pitch
|
|
Batting: RHB Alfredo Rodriguez
|
0-0: Foul Ball, location: 2F 0-1: Called Strike 0-2: Foul Ball, location: 2F 0-2: Fly out, F8 (Flyball, 89M, EV 83.1 MPH) Runner from 3rd tags up, SCORES, throw by CF
|
|
Batting: SHB Joe Fure
|
0-0: Ball 1-0: Foul Ball, location: 2F 1-1: Foul Ball, location: 2F 1-2: Ground out 5-3 (Groundball, 56S, EV 88.8 MPH)
|
| Top of the 4th over - 1 run, 1 hit, 0 errors, 2 left on base; Scranton WB 2 - Charlotte 3 |
| BOTTOM OF THE 4TH |
|
Charlotte Knights batting - Pitching for Scranton WB RailRiders : LHP Omar Quinones
|
|
Batting: RHB Steve Waltenbery
|
0-0: Ball 1-0: Fly out, F1 (Line Drive, P, EV 68.1 MPH)
|
|
Batting: RHB Dunlang Clark
|
0-0: Ground out 1-3 (Groundball, 13S, EV 66.2 MPH)
|
|
Batting: RHB Jeremy Hoffert
|
0-0: Ball 1-0: Ball 2-0: SINGLE (Groundball, 25, EV 66.2 MPH) (infield hit)
|
|
Batting: RHB Mike Warzecha
|
0-0: Ball 1-0: Fielders Choice at 2nd, 6-4 (Groundball, 6, EV 91.9 MPH)
|
| Bottom of the 4th over - 0 runs, 1 hit, 0 errors, 1 left on base; Scranton WB 2 - Charlotte 3 |
| TOP OF THE 5TH |
|
Scranton WB RailRiders batting - Pitching for Charlotte Knights : RHP Jose Barragan
|
|
Batting: RHB Josh Zoglmann
|
0-0: Ball 1-0: Foul Ball, location: 2F 1-1: Fly out, F8 (Flyball, 89M, EV 85.0 MPH)
|
|
Batting: SHB Jay Gagnon
|
0-0: Foul Ball, location: 2F 0-1: Ball 1-1: Ball 2-1: Called Strike 2-2: Ground out 4-3 (Groundball, 34, EV 78.8 MPH)
|
|
Batting: RHB Andy Wasierski
|
0-0: Swinging Strike 0-1: Swinging Strike 0-2: Strikes out looking
|
| Top of the 5th over - 0 runs, 0 hits, 0 errors, 0 left on base; Scranton WB 2 - Charlotte 3 |
| BOTTOM OF THE 5TH |
|
Charlotte Knights batting - Pitching for Scranton WB RailRiders : LHP Omar Quinones
|
|
Batting: LHB Justin Stickney
|
0-0: Foul Ball, location: 2F 0-1: Swinging Strike 0-2: Ball 1-2: Strikes out swinging
|
|
Batting: RHB Josiah Wright
|
0-0: Ball 1-0: Ball 2-0: Ball 3-0: Swinging Strike 3-1: Foul Ball, location: 2F 3-2: Ground out 6-3 (Groundball, 6, EV 104.4 MPH)
|
|
Batting: RHB Micah Brown
|
0-0: Swinging Strike 0-1: Ball 1-1: Foul Ball, location: 2F 1-2: Strikes out swinging
|
| Bottom of the 5th over - 0 runs, 0 hits, 0 errors, 0 left on base; Scranton WB 2 - Charlotte 3 |
| TOP OF THE 6TH |
|
Scranton WB RailRiders batting - Pitching for Charlotte Knights : RHP Jose Barragan
|
|
Batting: RHB Devon Utley
|
0-0: Ball 1-0: Called Strike 1-1: Ball 2-1: Ball 3-1: Foul Ball, location: 2F 3-2: SINGLE (Line Drive, 4D, EV 97.5 MPH)
|
|
Batting: LHB Aaron Joyner
|
0-0: Ball 1-0: SINGLE (Groundball, 13, EV 88.8 MPH) (infield hit) Devon Utley to second
|
|
Batting: SHB Ryan Buchbinder
|
0-0: Foul Ball, location: 2F 0-1: Ball 1-1: Ball 2-1: Fly out, F6 (Popup, 6M, EV 58.1 MPH)
|
|
Batting: SHB Jose Vargas
|
0-0: Ball 1-0: Called Strike 1-1: Ball 2-1: Fielders Choice at 2nd, 4-6 (Groundball, 4, EV 77.5 MPH) Devon Utley to third
|
|
Batting: RHB Alfredo Rodriguez
|
0-0: Foul Ball, location: 2F 0-1: Ball 1-1: Ball Wild Pitch! Devon Utley scores Jose Vargas to second 2-1: Ball 3-1: Base on Balls
|
|
Pitching: RHP Maury Compson
|
|
|
Batting: SHB Joe Fure
|
0-0: Ball 1-0: Ball 2-0: Fly out, F8 (Line Drive, 78M, EV 92.5 MPH)
|
| Top of the 6th over - 1 run, 2 hits, 0 errors, 2 left on base; Scranton WB 3 - Charlotte 3 |
| BOTTOM OF THE 6TH |
|
Charlotte Knights batting - Pitching for Scranton WB RailRiders : LHP Omar Quinones
|
|
Pitching: RHP Ray Richards
|
|
|
Pinch Hitting: LHB Ricardo Pagan
|
0-0: Called Strike 0-1: Called Strike 0-2: Ball 1-2: Ball 2-2: Fly out, F8 (Flyball, 8LD, EV 105.6 MPH)
|
|
Batting: LHB Adam Tarbutton
|
0-0: Called Strike 0-1: Foul Ball, location: 2F 0-2: Ball 1-2: Strikes out swinging
|
|
Batting: RHB Steve Waltenbery
|
0-0: Ball 1-0: Called Strike 1-1: Called Strike 1-2: Foul Ball, location: 2F 1-2: Foul Ball, location: 2F 1-2: Foul Ball, location: 2F 1-2: Fly out, F7 (Flyball, 78M, EV 99.4 MPH)
|
| Bottom of the 6th over - 0 runs, 0 hits, 0 errors, 0 left on base; Scranton WB 3 - Charlotte 3 |
| TOP OF THE 7TH |
|
Scranton WB RailRiders batting - Pitching for Charlotte Knights : RHP Maury Compson
|
|
Now in CF: John Thurman
|
|
|
Batting: RHB Josh Zoglmann
|
0-0: Ball 1-0: Ground out 5-3 (Groundball, 5, EV 85.6 MPH)
|
|
Batting: SHB Jay Gagnon
|
0-0: Ground out 6-3 (Groundball, 56, EV 90.6 MPH)
|
|
Batting: RHB Andy Wasierski
|
0-0: Called Strike 0-1: Ball 1-1: Ground out 3-1 (Groundball, 34, EV 85.0 MPH)
|
| Top of the 7th over - 0 runs, 0 hits, 0 errors, 0 left on base; Scranton WB 3 - Charlotte 3 |
| BOTTOM OF THE 7TH |
|
Charlotte Knights batting - Pitching for Scranton WB RailRiders : RHP Ray Richards
|
|
Batting: RHB Dunlang Clark
|
0-0: SINGLE (Groundball, 34D, EV 95.0 MPH)
|
|
Batting: RHB Jeremy Hoffert
|
0-0: Called Strike 0-1: Called Strike Dunlang Clark is caught stealing 2nd base 2-4 0-2: Ground out U3 (Groundball, 3, EV 79.4 MPH)
|
|
Batting: RHB Mike Warzecha
|
0-0: Ball 1-0: Fly out, F8 (Flyball, 8RD, EV 92.5 MPH)
|
| Bottom of the 7th over - 0 runs, 1 hit, 0 errors, 0 left on base; Scranton WB 3 - Charlotte 3 |
| TOP OF THE 8TH |
|
Scranton WB RailRiders batting - Pitching for Charlotte Knights : RHP Maury Compson
|
|
Batting: RHB Devon Utley
|
0-0: Called Strike 0-1: SINGLE (Groundball, 6MD, EV 88.1 MPH) (infield hit)
|
|
Batting: LHB Aaron Joyner
|
0-0: Called Strike Devon Utley steals 2nd base 0-1: Ground out 1-3 (Groundball, 13S, EV 64.4 MPH) Devon Utley to third
|
|
Batting: SHB Ryan Buchbinder
|
0-0: Intentional Walk
|
|
Batting: SHB Jose Vargas
|
0-0: Ball 1-0: Called Strike Ryan Buchbinder steals 2nd base 1-1: Foul Ball, location: 2F 1-2: Ball 2-2: Ball 3-2: Strikes out looking
|
|
Batting: RHB Alfredo Rodriguez
|
0-0: Ground out 5-3 (Groundball, 56, EV 108.1 MPH)
|
| Top of the 8th over - 0 runs, 1 hit, 0 errors, 2 left on base; Scranton WB 3 - Charlotte 3 |
| BOTTOM OF THE 8TH |
|
Charlotte Knights batting - Pitching for Scranton WB RailRiders : RHP Ray Richards
|
|
Batting: LHB Justin Stickney
|
0-0: Called Strike 0-1: Ball 1-1: Ball 2-1: Swinging Strike 2-2: Ground out 4-3 (Groundball, 4, EV 104.4 MPH)
|
|
Batting: RHB Josiah Wright
|
0-0: Ball 1-0: Ball 2-0: Called Strike 2-1: Foul Ball, location: 2F 2-2: Strikes out swinging
|
|
Batting: RHB Micah Brown
|
0-0: Swinging Strike 0-1: Ball 1-1: Ground out 3-1 (Groundball, 34, EV 107.5 MPH)
|
| Bottom of the 8th over - 0 runs, 0 hits, 0 errors, 0 left on base; Scranton WB 3 - Charlotte 3 |
| TOP OF THE 9TH |
|
Scranton WB RailRiders batting - Pitching for Charlotte Knights : RHP Maury Compson
|
|
Batting: SHB Joe Fure
|
0-0: Fly out, F6 (Line Drive, 6, EV 70.0 MPH)
|
|
Pinch Hitting: LHB Jose Lebron
|
0-0: Ball 1-0: Called Strike 1-1: Foul Ball, location: 2F 1-2: Ground out U3 (Groundball, 3L, EV 98.1 MPH)
|
|
Batting: SHB Jay Gagnon
|
0-0: Ball 1-0: Called Strike 1-1: Foul Ball, location: 2F 1-2: Ground out U3 (Groundball, 34, EV 90.0 MPH)
|
| Top of the 9th over - 0 runs, 0 hits, 0 errors, 0 left on base; Scranton WB 3 - Charlotte 3 |
| BOTTOM OF THE 9TH |
|
Charlotte Knights batting - Pitching for Scranton WB RailRiders : RHP Ray Richards
|
|
Pitching: RHP Eric Aguilar
|
|
|
Now at 3B: Mike Plugge
|
|
|
Now at SS: Jose Vargas
|
|
|
Batting: LHB John Thurman
|
0-0: Foul Ball, location: 2F 0-1: Called Strike 0-2: Strikes out swinging
|
|
Batting: LHB Adam Tarbutton
|
0-0: Called Strike 0-1: Ground out 4-3 (Groundball, 34D, EV 108.1 MPH)
|
|
Pinch Hitting: SHB Ethan Villalobos
|
0-0: Ball 1-0: Ball 2-0: Called Strike 2-1: SINGLE (Groundball, 34D, EV 102.5 MPH)
|
|
Pinch Hitting: RHB Fletcher Easter
|
0-0: Ball 1-0: Foul Ball, location: 2F 1-1: SINGLE (Line Drive, 7S, EV 105.0 MPH) Ethan Villalobos to second
|
|
Batting: RHB Jeremy Hoffert
|
0-0: SINGLE (Line Drive, 6MD, EV 98.8 MPH) Ethan Villalobos to third Fletcher Easter to second
|
|
Batting: RHB Mike Warzecha
|
0-0: Fielders Choice at 2nd, 5-4 (Groundball, 56, EV 80.6 MPH)
|
| Bottom of the 9th over - 0 runs, 3 hits, 0 errors, 3 left on base; Scranton WB 3 - Charlotte 3 |
| TOP OF THE 10TH |
|
Scranton WB RailRiders batting - Pitching for Charlotte Knights : RHP Maury Compson
|
|
Pitching: RHP Tommy Benedict
|
|
|
Now at C: Noel Wilson
|
|
|
Now at SS: John Iddings
|
|
|
Batting: RHB Andy Wasierski
|
0-0: Ball 1-0: Ball 2-0: Called Strike 2-1: DOUBLE (Flyball, 8RXD, EV 101.2 MPH)
|
|
Batting: RHB Devon Utley
|
0-0: Fly out, F7 (Line Drive, 7LM, EV 103.8 MPH) Runner from 2nd tags up, SAFE at 3rd with throw by LF
|
|
Batting: LHB Aaron Joyner
|
0-0: Intentional Walk
|
|
Batting: SHB Ryan Buchbinder
|
0-0: Ball 1-0: Foul Ball, location: 2F 1-1: Ball Aaron Joyner steals 2nd base (no throw) 2-1: Intentional Walk
|
|
Batting: SHB Jose Vargas
|
0-0: Ball 1-0: Ball 2-0: Swinging Strike 2-1: Ball 3-1: Base on Balls Andy Wasierski scores Aaron Joyner to third Ryan Buchbinder to second
|
|
Batting: RHB Alfredo Rodriguez
|
0-0: Swinging Strike 0-1: Grounds into fielders choice 6-2 (Groundball, 6, EV 88.1 MPH) Ryan Buchbinder to third Jose Vargas to second
|
|
Batting: SHB Joe Fure
|
0-0: Ball 1-0: Ball 2-0: Ball Wild Pitch! Ryan Buchbinder scores Jose Vargas to third Alfredo Rodriguez to second 3-0: Intentional Walk
|
|
Batting: RHB Mike Plugge
|
0-0: Ball 1-0: Ball 2-0: Called Strike 2-1: Ball 3-1: Fielders Choice at 2nd, 6-4 (Groundball, 56, EV 78.1 MPH)
|
| Top of the 10th over - 2 runs, 1 hit, 0 errors, 3 left on base; Scranton WB 5 - Charlotte 3 |
| BOTTOM OF THE 10TH |
|
Charlotte Knights batting - Pitching for Scranton WB RailRiders : RHP Eric Aguilar
|
|
Pitching: RHP Ricky Mercer
|
|
|
Batting: LHB Justin Stickney
|
0-0: DOUBLE (Line Drive, 9LM, EV 109.4 MPH)
|
|
Batting: RHB Josiah Wright
|
0-0: Ball 1-0: SINGLE (Line Drive, 34D, EV 96.9 MPH) Justin Stickney to third
|
|
Batting: RHB Micah Brown
|
0-0: Grounds into double play, 4-6-3 (Groundball, 4, EV 84.4 MPH) Justin Stickney scores
|
|
Batting: LHB John Thurman
|
0-0: Ball 1-0: Ball 2-0: Ball 3-0: Base on Balls
|
|
Pitching: LHP Jay Turpin
|
|
|
Pinch Hitting: RHB Mark Jones
|
0-0: Swinging Strike 0-1: Foul Ball, location: 2F 0-2: Strikes out swinging
|
| Bottom of the 10th over - 1 run, 2 hits, 0 errors, 1 left on base; Scranton WB 5 - Charlotte 4 |
|